PR
SURPRISE SHOCKERS @ MEMPHIS MUSIC
07/21/2034
 
TOP OF THE 1ST
Surprise Shockers batting - Pitching for Memphis Music : RHP Richard Arnie
Pitching: RHP Richard Arnie
Batting: LHB Kyle Mullens 0-0: Called Strike
0-1: Swinging Strike
0-2: Strikes out looking
Batting: RHB Quinn Lynch 0-0: Called Strike
0-1: Foul Ball, location: 2F
0-2: Ground out 5-3 (Groundball, 5)
Batting: LHB Lao Tian 0-0: Fly out, F8 (Flyball, 8LD)
Top of the 1st over - 0 runs, 0 hits, 0 errors, 0 left on base; Surprise 0 - Memphis 0
BOTTOM OF THE 1ST
Memphis Music batting - Pitching for Surprise Shockers : RHP Jack Crabb
Pitching: RHP Jack Crabb
Batting: LHB Klaas Westerduin 0-0: Ball
1-0: Ball
2-0: Called Strike
2-1: SINGLE (Line Drive, 9LM)
Batting: RHB Ryan Coakley 0-0: Ball
1-0: Foul Ball, location: 2F
1-1: Foul Ball, location: 2F
1-2: Ball
2-2: Ball
3-2: SINGLE (Groundball, 34D)
Klaas Westerduin to second
Runner from 2nd tries for 3rd, SAFE, no throw
Batting: LHB Gabriel Muńóz 0-0: Ball
1-0: Called Strike
1-1: DOUBLE (Line Drive, 78D)
Klaas Westerduin scores
Ryan Coakley to third
Runner from 3rd tries for Home, SAFE, no throw
Batting: RHB Pellervo Rintanen 0-0: Swinging Strike
0-1: Ball
1-1: Ball
2-1: Swinging Strike
2-2: Ball
3-2: Foul Ball, location: 2F
3-2: Foul Ball, location: 2F
3-2: Fly out, F5 (Flyball, 5D)
Batting: RHB Gene Wilson 0-0: Ball
1-0: Ball
2-0: Called Strike
2-1: DOUBLE (Flyball, 89D)
Gabriel Muńóz scores
Batting: RHB Brian Cronk 0-0: Ball
1-0: Called Strike
1-1: Swinging Strike
1-2: Ball
2-2: Ball
3-2: Foul Ball, location: 2F
3-2: SINGLE (Line Drive, 4D)
Gene Wilson to third
Runner from 3rd tries for Home, throw and OUT!
Batting: RHB Jeffrey O'Tarcert 0-0: DOUBLE (Flyball, 78D)
Brian Cronk to third
Runner from 3rd tries for Home, SAFE, no throw
Batting: LHB Valke van der Heide 0-0: Ball
1-0: Called Strike
1-1: Swinging Strike
1-2: Strikes out looking
Bottom of the 1st over - 4 runs, 6 hits, 0 errors, 1 left on base; Surprise 0 - Memphis 4
TOP OF THE 2ND
Surprise Shockers batting - Pitching for Memphis Music : RHP Richard Arnie
Batting: LHB Arto Toikka 0-0: Called Strike
0-1: Ground out 4-3 (Groundball, 4S)
Batting: LHB Alfredo Garza 0-0: Ball
1-0: Foul Ball, location: 2F
1-1: Called Strike
1-2: Foul Ball, location: 2F
1-2: Foul Ball, location: 2F
1-2: Strikes out swinging
Batting: RHB George Mota 0-0: Ball
1-0: Foul Ball, location: 2F
1-1: Ball
2-1: SINGLE (Line Drive, 8LS)
Batting: RHB Eric Martínez 0-0: Foul Ball, location: 2F
0-1: Swinging Strike
0-2: Foul Ball, location: 2F
0-2: Ball
1-2: Ball
2-2: Ground out 4-3 (Groundball, 4)
Top of the 2nd over - 0 runs, 1 hit, 0 errors, 1 left on base; Surprise 0 - Memphis 4
BOTTOM OF THE 2ND
Memphis Music batting - Pitching for Surprise Shockers : RHP Jack Crabb
Batting: LHB Kuberabandhu Kasturirangan 0-0: Fly out, F8 (Line Drive, 8RM)
Batting: LHB Klaas Westerduin 0-0: Ball
1-0: Ground out U3 (Groundball, 3L)
Batting: RHB Ryan Coakley 0-0: Called Strike
0-1: Ball
1-1: Ball
2-1: Foul Ball, location: 2F
2-2: Ball
3-2: Fly out, F8 (Flyball, 78D)
Bottom of the 2nd over - 0 runs, 0 hits, 0 errors, 0 left on base; Surprise 0 - Memphis 4
TOP OF THE 3RD
Surprise Shockers batting - Pitching for Memphis Music : RHP Richard Arnie
Batting: RHB Paul Prichard 0-0: Ball
1-0: Foul Ball, location: 2F
1-1: Swinging Strike
1-2: Strikes out swinging
Batting: RHB Ron Lee 0-0: Foul Ball, location: 2F
0-1: Ball
1-1: Fly out, F7 (Flyball, 78S)
Batting: LHB Kyle Mullens 0-0: Ball
1-0: Called Strike
1-1: Ball
2-1: Foul Ball, location: 2F
2-2: SINGLE (Groundball, 56D)
Batting: RHB Quinn Lynch 0-0: Foul Ball, location: 2F
0-1: Ball
1-1: Ball
2-1: Called Strike
2-2: Ground out 4-3 (Groundball, 4)
Top of the 3rd over - 0 runs, 1 hit, 0 errors, 1 left on base; Surprise 0 - Memphis 4
BOTTOM OF THE 3RD
Memphis Music batting - Pitching for Surprise Shockers : RHP Jack Crabb
Batting: LHB Gabriel Muńóz 0-0: Ball
1-0: Swinging Strike
1-1: Foul Ball, location: 2F
1-2: Foul Ball, location: 2F
1-2: Fly out, F6 (Line Drive, 6M)
Batting: RHB Pellervo Rintanen 0-0: Ball
1-0: Ball
2-0: Ball
3-0: Base on Balls
Batting: RHB Gene Wilson 0-0: Swinging Strike
0-1: Ball
1-1: Called Strike
1-2: Strikes out looking
Batting: RHB Brian Cronk 0-0: Ball
1-0: Ball
2-0: Ball
3-0: Base on Balls
Pellervo Rintanen to second
Batting: RHB Jeffrey O'Tarcert 0-0: Swinging Strike
0-1: Called Strike
0-2: Ball
1-2: Strikes out swinging
Bottom of the 3rd over - 0 runs, 0 hits, 0 errors, 2 left on base; Surprise 0 - Memphis 4
TOP OF THE 4TH
Surprise Shockers batting - Pitching for Memphis Music : RHP Richard Arnie
Batting: LHB Lao Tian 0-0: Called Strike
0-1: SINGLE (Flyball, 89M)
Batting: LHB Arto Toikka 0-0: Foul Ball, location: 2F
0-1: Called Strike
0-2: Foul Ball, location: 2F
0-2: Ball
1-2: Strikes out swinging
Batting: LHB Alfredo Garza 0-0: Grounds into double play, 5-4-3 (Groundball, 56)
Top of the 4th over - 0 runs, 1 hit, 0 errors, 0 left on base; Surprise 0 - Memphis 4
BOTTOM OF THE 4TH
Memphis Music batting - Pitching for Surprise Shockers : RHP Jack Crabb
Batting: LHB Valke van der Heide 0-0: Swinging Strike
0-1: Fly out, F8 (Flyball, 89D)
Batting: LHB Kuberabandhu Kasturirangan 0-0: Fly out, F8 (Flyball, 8RD)
Batting: LHB Klaas Westerduin 0-0: Ball
1-0: Foul Ball, location: 2F
1-1: TRIPLE (Flyball, 8LXD)
Batting: RHB Ryan Coakley 0-0: SINGLE (Flyball, 34D)
Klaas Westerduin scores
Batting: LHB Gabriel Muńóz 0-0: Called Strike
0-1: Single, Error in OF, E7, batter to second base
Ryan Coakley to third
Batting: RHB Pellervo Rintanen 0-0: Ball
1-0: Ball
2-0: Ball
3-0: Called Strike
3-1: Fly out, F4 (Popup, 4M)
Bottom of the 4th over - 1 run, 3 hits, 1 error, 2 left on base; Surprise 0 - Memphis 5
TOP OF THE 5TH
Surprise Shockers batting - Pitching for Memphis Music : RHP Richard Arnie
Batting: RHB George Mota 0-0: Ball
1-0: Foul Ball, location: 2F
1-1: Ball
2-1: Swinging Strike
2-2: Strikes out looking
Batting: RHB Eric Martínez 0-0: Ball
1-0: Foul Ball, location: 2F
1-1: Swinging Strike
1-2: Strikes out swinging
Batting: RHB Paul Prichard 0-0: SINGLE (Line Drive, 78M)
Batting: RHB Ron Lee 0-0: Called Strike
0-1: Swinging Strike
0-2: Strikes out swinging
Top of the 5th over - 0 runs, 1 hit, 0 errors, 1 left on base; Surprise 0 - Memphis 5
BOTTOM OF THE 5TH
Memphis Music batting - Pitching for Surprise Shockers : RHP Jack Crabb
Batting: RHB Gene Wilson 0-0: Ball
1-0: Called Strike
1-1: Ball
2-1: Called Strike
2-2: Ball
3-2: Foul Ball, location: 2F
3-2: Strikes out swinging
Batting: RHB Brian Cronk 0-0: Ball
1-0: Foul Ball, location: 2F
1-1: Foul Ball, location: 2F
1-2: Foul Ball, location: 2F
1-2: Foul Ball, location: 2F
1-2: Ball
2-2: Foul Ball, location: 2F
2-2: Ball
3-2: Fly out, F9 (Flyball, 9LMF)
Batting: RHB Jeffrey O'Tarcert 0-0: Ground out 6-3 (Groundball, 56)
Bottom of the 5th over - 0 runs, 0 hits, 0 errors, 0 left on base; Surprise 0 - Memphis 5
TOP OF THE 6TH
Surprise Shockers batting - Pitching for Memphis Music : RHP Richard Arnie
Batting: LHB Kyle Mullens 0-0: DOUBLE (Line Drive, 7LM)
Batting: RHB Quinn Lynch 0-0: Foul Ball, location: 2F
0-1: Foul Ball, location: 2F
0-2: Ball
1-2: Ball
2-2: Ball
3-2: Fly out, F3 (Popup, 3S)
Batting: LHB Lao Tian 0-0: Foul Ball, location: 2F
0-1: Ball
1-1: Ball
2-1: Ball
3-1: 2-RUN HOME RUN (Flyball, 7LD), Distance : 382 ft
Batting: LHB Arto Toikka 0-0: Ball
1-0: Called Strike
1-1: Swinging Strike
1-2: SINGLE (Line Drive, 8RM)
Batting: LHB Alfredo Garza 0-0: Fielders Choice at 2nd, 4-6 (Groundball, 4)
Batting: RHB George Mota 0-0: Called Strike
0-1: DOUBLE (Line Drive, 7LS)
Alfredo Garza to third
Batting: RHB Eric Martínez 0-0: Called Strike
0-1: Ground out 5-3 (Groundball, 56)
Top of the 6th over - 2 runs, 4 hits, 0 errors, 2 left on base; Surprise 2 - Memphis 5
BOTTOM OF THE 6TH
Memphis Music batting - Pitching for Surprise Shockers : RHP Jack Crabb
Batting: LHB Valke van der Heide 0-0: Foul Ball, location: 2F
0-1: Ground out 4-3 (Groundball, 34)
Batting: LHB Kuberabandhu Kasturirangan 0-0: Called Strike
0-1: Ball
1-1: Called Strike
1-2: Foul Ball, location: 2F
1-2: Strikes out swinging
Batting: LHB Klaas Westerduin 0-0: Ground out 4-3 (Groundball, 4)
Bottom of the 6th over - 0 runs, 0 hits, 0 errors, 0 left on base; Surprise 2 - Memphis 5
TOP OF THE 7TH
Surprise Shockers batting - Pitching for Memphis Music : RHP Richard Arnie
Batting: RHB Paul Prichard 0-0: Ball
1-0: Ball
2-0: Foul Ball, location: 2F
2-1: Swinging Strike
2-2: Strikes out swinging
Batting: RHB Ron Lee 0-0: Foul Ball, location: 2F
0-1: Ball
1-1: Foul Ball, location: 2F
1-2: Ball
2-2: Ground out 6-3 (Groundball, 6M)
Batting: LHB Kyle Mullens 0-0: Called Strike
0-1: Ball
1-1: Called Strike
1-2: Ground out 3-1 (Groundball, 34)
Top of the 7th over - 0 runs, 0 hits, 0 errors, 0 left on base; Surprise 2 - Memphis 5
BOTTOM OF THE 7TH
Memphis Music batting - Pitching for Surprise Shockers : RHP Jack Crabb
Batting: RHB Ryan Coakley 0-0: Ball
1-0: Called Strike
1-1: Fly out, F8 (Flyball, 8RXD)
Batting: LHB Gabriel Muńóz 0-0: Called Strike
0-1: SINGLE (Flyball, 78M)
Pitching: RHP José Castillo
Batting: RHB Pellervo Rintanen 0-0: Ball
1-0: DOUBLE (Groundball, 5L)
Gabriel Muńóz to third
Runner from 3rd tries for Home, SAFE, no throw
Batting: RHB Gene Wilson 0-0: Ball
1-0: Ball
2-0: Ball
3-0: Called Strike
3-1: Fly out, F8 (Flyball, 8RD)
Batting: RHB Brian Cronk 0-0: Called Strike
0-1: Foul Ball, location: 2F
0-2: SINGLE (Flyball, 8RS)
Pellervo Rintanen to third
Runner from 3rd tries for Home, SAFE, no throw
Batting: RHB Jeffrey O'Tarcert 0-0: Ball
1-0: Foul Ball, location: 2F
1-1: Ball
2-1: Foul Ball, location: 2F
2-2: Foul Ball, location: 2F
2-2: Fly out, F7 (Flyball, 7S)
Bottom of the 7th over - 2 runs, 3 hits, 0 errors, 1 left on base; Surprise 2 - Memphis 7
TOP OF THE 8TH
Surprise Shockers batting - Pitching for Memphis Music : RHP Richard Arnie
Batting: RHB Quinn Lynch 0-0: Called Strike
0-1: Ball
1-1: Swinging Strike
1-2: Foul Ball, location: 2F
1-2: Ball
2-2: Strikes out swinging
Batting: LHB Lao Tian 0-0: Called Strike
0-1: Called Strike
0-2: Ball
1-2: Foul Ball, location: 2F
1-2: SINGLE (Line Drive, 56D)
Batting: LHB Arto Toikka 0-0: Ball
1-0: SINGLE (Line Drive, 4MD)
Lao Tian to second
Batting: LHB Alfredo Garza 0-0: Ball
1-0: Fly out, F6 (Line Drive, 6)
Batting: RHB George Mota 0-0: DOUBLE (Flyball, 78XD)
Lao Tian scores
Arto Toikka to third
Runner from 3rd tries for Home, SAFE, no throw
Batting: RHB Eric Martínez 0-0: Ball
1-0: Ball
2-0: Ball
Passed Ball!
George Mota to third
3-0: Called Strike
3-1: Called Strike
3-2: Foul Ball, location: 2F
3-2: SINGLE (Line Drive, 3)
George Mota scores
Batting: RHB Paul Prichard 0-0: Ball
1-0: SINGLE (Groundball, 34D)
Eric Martínez to second
Runner from 2nd tries for 3rd, SAFE, no throw
Batting: RHB Ron Lee 0-0: Ball
1-0: Ball
2-0: Foul Ball, location: 2F
2-1: SINGLE (Flyball, 7S)
Eric Martínez scores
Paul Prichard to second
Batting: LHB Kyle Mullens 0-0: Ground out 5-3 (Groundball, 56S)
Top of the 8th over - 4 runs, 6 hits, 0 errors, 2 left on base; Surprise 6 - Memphis 7
BOTTOM OF THE 8TH
Memphis Music batting - Pitching for Surprise Shockers : RHP José Castillo
Batting: LHB Valke van der Heide 0-0: Called Strike
0-1: Ball
1-1: Ground out 5-3 (Groundball, 56S)
Batting: LHB Kuberabandhu Kasturirangan 0-0: Called Strike
0-1: Ball
1-1: Ground out 1-3 (Groundball, 15S)
Batting: LHB Klaas Westerduin 0-0: SINGLE (Flyball, 8RS)
Batting: RHB Ryan Coakley 0-0: Ball
Klaas Westerduin is caught stealing 2nd base
Bottom of the 8th over - 0 runs, 1 hit, 0 errors, 0 left on base; Surprise 6 - Memphis 7
TOP OF THE 9TH
Surprise Shockers batting - Pitching for Memphis Music : RHP Richard Arnie
Pinch Hitting: LHB Marcos García 0-0: Called Strike
0-1: Fly out, F9 (Flyball, 89M)
Batting: LHB Lao Tian 0-0: Called Strike
0-1: SINGLE (Groundball, 6) (infield hit)
Batting: LHB Arto Toikka 0-0: Ball
1-0: SINGLE (Line Drive, 56)
Lao Tian to second
Pitching: RHP Reggie Ouwens
Batting: LHB Alfredo Garza 0-0: Called Strike
0-1: Called Strike
0-2: Fly out, F7 (Flyball, 7LSF)
Pinch Hitting: LHB José Jiménez 0-0: Ball
1-0: Called Strike
1-1: SINGLE (Line Drive, 89M)
Lao Tian to third
Arto Toikka to second
Runner from 3rd tries for Home, SAFE, throw made at trailing runner, OUT at third!
Top of the 9th over - 1 run, 3 hits, 0 errors, 1 left on base; Surprise 7 - Memphis 7
BOTTOM OF THE 9TH
Memphis Music batting - Pitching for Surprise Shockers : RHP José Castillo
Now at 2B: Carlos González
Now in LF: José Jiménez
Batting: RHB Ryan Coakley 0-0: Called Strike
0-1: Swinging Strike
0-2: Strikes out swinging
Batting: LHB Gabriel Muńóz 0-0: Ball
1-0: Foul Ball, location: 2F
1-1: Foul Ball, location: 2F
1-2: Foul Ball, location: 2F
1-2: Ground out 3-1 (Groundball, 34)
Batting: RHB Pellervo Rintanen 0-0: Ball
1-0: Swinging Strike
1-1: Ball
2-1: Ball
3-1: Foul Ball, location: 2F
3-2: Fly out, F5 (Line Drive, 5)
Bottom of the 9th over - 0 runs, 0 hits, 0 errors, 0 left on base; Surprise 7 - Memphis 7
TOP OF THE 10TH
Surprise Shockers batting - Pitching for Memphis Music : RHP Reggie Ouwens
Pinch Hitting: LHB Lee Brierley 0-0: Foul Ball, location: 2F
0-1: Swinging Strike
0-2: Strikes out swinging
Pinch Hitting: RHB Benjamin Blunsdon 0-0: Ball
1-0: Foul Ball, location: 2F
1-1: Swinging Strike
1-2: Foul Ball, location: 2F
1-2: Ball
2-2: Ball
3-2: Foul Ball, location: 2F
3-2: Strikes out swinging
Batting: RHB Ron Lee 0-0: Swinging Strike
0-1: Ball
1-1: Ball
2-1: Called Strike
2-2: Strikes out swinging, 2-3 out at first.
Top of the 10th over - 0 runs, 0 hits, 0 errors, 0 left on base; Surprise 7 - Memphis 7
BOTTOM OF THE 10TH
Memphis Music batting - Pitching for Surprise Shockers : RHP José Castillo
Pitching: RHP José Castro
Now at 3B: Will Hamilton
Now in LF: Lee Brierley
Batting: RHB Gene Wilson 0-0: Called Strike
0-1: Foul Ball, location: 2F
0-2: Foul Ball, location: 2F
0-2: Strikes out looking
Batting: RHB Brian Cronk 0-0: Called Strike
0-1: Ground out 6-3 (Groundball, 6)
Batting: RHB Jeffrey O'Tarcert 0-0: Ground out 1-3 (Groundball, 13S)
Bottom of the 10th over - 0 runs, 0 hits, 0 errors, 0 left on base; Surprise 7 - Memphis 7
TOP OF THE 11TH
Surprise Shockers batting - Pitching for Memphis Music : RHP Reggie Ouwens
Batting: LHB Kyle Mullens 0-0: Called Strike
0-1: Foul Ball, location: 2F
0-2: Strikes out swinging
Batting: RHB Carlos González 0-0: Called Strike
0-1: Ground out U3 (Groundball, 34)
Batting: LHB Lao Tian 0-0: Called Strike
0-1: Ball
1-1: Ball
2-1: Fly out, F8 (Flyball, 8RM)
Top of the 11th over - 0 runs, 0 hits, 0 errors, 0 left on base; Surprise 7 - Memphis 7
BOTTOM OF THE 11TH
Memphis Music batting - Pitching for Surprise Shockers : RHP José Castro
Batting: LHB Valke van der Heide 0-0: Foul Ball, location: 2F
0-1: DOUBLE (Flyball, 89D)
Batting: LHB Kuberabandhu Kasturirangan 0-0: Called Strike
0-1: Ball
1-1: Foul Ball, location: 2F
1-2: Ball
2-2: Strikes out looking
Batting: LHB Klaas Westerduin 0-0: Foul Ball, location: 2F
0-1: Ball
1-1: Ball
2-1: Ball
3-1: Foul Ball, location: 2F
3-2: Base on Balls
Batting: RHB Ryan Coakley 0-0: Ball
1-0: Called Strike
1-1: Grounds into double play, 1-6-3 (Groundball, P)
Bottom of the 11th over - 0 runs, 1 hit, 0 errors, 1 left on base; Surprise 7 - Memphis 7
TOP OF THE 12TH
Surprise Shockers batting - Pitching for Memphis Music : RHP Reggie Ouwens
Batting: LHB Arto Toikka 0-0: Called Strike
0-1: Foul Ball, location: 2F
0-2: Strikes out looking
Batting: LHB Alfredo Garza 0-0: Ball
1-0: Foul Ball, location: 2F
1-1: Foul Ball, location: 2F
1-2: Fly out, F9 (Flyball, 9S)
Batting: LHB José Jiménez 0-0: Ball
1-0: Ball
2-0: Called Strike
2-1: SINGLE (Groundball, 4D)
Batting: LHB Lee Brierley 0-0: Ball
1-0: Ball
2-0: Ball
3-0: Called Strike
3-1: Fielders Choice at 2nd, 6-4 (Groundball, 6)
Top of the 12th over - 0 runs, 1 hit, 0 errors, 1 left on base; Surprise 7 - Memphis 7
BOTTOM OF THE 12TH
Memphis Music batting - Pitching for Surprise Shockers : RHP José Castro
Pitching: RHP Paul Cunningham
Batting: LHB Gabriel Muńóz 0-0: Ball
1-0: Called Strike
1-1: Ball
2-1: Foul Ball, location: 2F
2-2: Foul Ball, location: 2F
2-2: Foul Ball, location: 2F
2-2: Ball
3-2: SINGLE (Groundball, 34S) (infield hit)
Batting: RHB Pellervo Rintanen 0-0: Grounds into double play, 6-4-3 (Groundball, 6)
Batting: RHB Gene Wilson 0-0: Fly out, F8 (Flyball, 8RXD)
Bottom of the 12th over - 0 runs, 1 hit, 0 errors, 0 left on base; Surprise 7 - Memphis 7
TOP OF THE 13TH
Surprise Shockers batting - Pitching for Memphis Music : RHP Reggie Ouwens
Batting: SHB Will Hamilton 0-0: Foul Ball, location: 2F
0-1: DOUBLE (Line Drive, 5D)
Batting: RHB Ron Lee 0-0: Ball
1-0: Ball
2-0: Foul Ball, location: 2F
2-1: Called Strike
2-2: Ground out U3 (Groundball, 34S)
Will Hamilton to third
Batting: LHB Kyle Mullens 0-0: Intentional Walk
Batting: RHB Carlos González 0-0: Ball
1-0: Foul Ball, location: 2F
1-1: Ball
2-1: Swinging Strike
2-2: Foul Ball, location: 2F
2-2: Ball
3-2: Ground out 4-3 (Groundball, 4S)
Will Hamilton scores
Kyle Mullens to second
Batting: LHB Lao Tian 0-0: Intentional Walk
Pitching: RHP Lee Gunn
Batting: LHB Arto Toikka 0-0: Ball
1-0: Swinging Strike
1-1: Ball
2-1: DOUBLE (Flyball, 89D)
Kyle Mullens scores
Lao Tian to third
Runner from 3rd tries for Home, SAFE, throw made at trailing runner, OUT at third!
Top of the 13th over - 3 runs, 2 hits, 0 errors, 0 left on base; Surprise 10 - Memphis 7
BOTTOM OF THE 13TH
Memphis Music batting - Pitching for Surprise Shockers : RHP Paul Cunningham
Batting: RHB Brian Cronk 0-0: DOUBLE (Line Drive, 78D)
Batting: RHB Jeffrey O'Tarcert 0-0: Swinging Strike
0-1: Foul Ball, location: 2F
0-2: Fly out, F8 (Line Drive, 8LM)
Batting: LHB Valke van der Heide 0-0: Swinging Strike
0-1: Ball
1-1: Swinging Strike
1-2: Strikes out looking
Batting: LHB Kuberabandhu Kasturirangan 0-0: Ball
1-0: Called Strike
1-1: Ball
2-1: Ball
3-1: Foul Ball, location: 2F
3-2: Ground out U3 (Groundball, 34D)
Bottom of the 13th over - 0 runs, 1 hit, 0 errors, 1 left on base; Surprise 10 - Memphis 7
Friday, March 29th, 2019 - OOTP Baseball 18.8 Build 76